Map: Orbital Shipyard

Players

ILLBdA

  • Race: Protoss Protoss
  • League: Diamond

jiy - Winner!

  • Race: Terran Terran
  • League: Diamond

VOD

Have the link to the VOD?

Description

Time

  • Played on: Jan. 1, 2016, 8:28 a.m.
  • Length: 12:02
Show
View Real Time Build Order
Export as new Build Order

ILLBdA Protoss 

Build Orders: 1 Gate Expand 

Get SALT Encoding   

  12  0:01  Probe (Chrono Boost)  
  13  0:12  Probe (Chrono Boost)  
  14  0:18  Pylon  
  14  0:22  Probe (Chrono Boost)  
  15  0:37  Gateway  
  15  0:39  Assimilator  
  16  0:43  Probe (Chrono Boost)  
  16  0:53  Probe (Chrono Boost)  
  17  1:04  Probe (Chrono Boost)  
  18  1:14  Probe (Chrono Boost)  
  19  1:21  Nexus  
  19  1:25  Probe (Chrono Boost)  
  20  1:32  Cybernetics Core  
  20  1:36  Probe (Chrono Boost)  
  21  1:44  Pylon  
  21  1:47  Assimilator  
  21  1:51  Probe (Chrono Boost)  
  24  2:08  Mothership Core (Chrono Boost)  
  24  2:10  Adept  
  26  2:27  Probe (Chrono Boost)  
  27  2:32  Warp Gate  
  27  2:37  Probe x2 (Chrono Boost)  
  29  2:46  Stalker  
  29  2:47  Probe (Chrono Boost)  
  29  2:48  Probe (Chrono Boost)  
  33  2:58  Probe (Chrono Boost)  
  34  3:07  Pylon x2  
  33  3:16  Stalker  
  36  3:27  Probe (Chrono Boost)  
  36  3:41  Nexus  
  36  3:42  Pylon  
  36  3:43  Probe (Chrono Boost)  
  36  3:46  Robotics Facility  
  37  3:51  Probe (Chrono Boost)  
  34  4:12  Probe (Chrono Boost)  
  34  4:14  Pylon  
  34  4:16  Gateway x2  
  37  4:20  Gateway  
  37  4:26  Probe (Chrono Boost)  
  37  4:30  Probe (Chrono Boost)  
  37  4:31  Assimilator  
  37  4:34  Observer  
  37  4:36  Probe (Chrono Boost), Assimilator  
  37  4:38  Twilight Council, Pylon  
  39  4:41  Stalker  
  39  4:43  Probe (Chrono Boost)  
  40  4:47  Probe (Chrono Boost)  
  40  4:52  Forge  
  41  5:00  Pylon  
  41  5:01  Pylon  
  41  5:05  Observer, Blink  
  42  5:16  Stalker x2  
  42  5:18  Sentry  
  42  5:20  Probe (Chrono Boost)  
  49  5:25  Photon Cannon  
  49  5:27  Sentry  
  51  5:39  Stalker x2  
  55  5:46  Observer  
  55  5:50  Probe (Chrono Boost)  
  55  5:52  Probe (Chrono Boost), Protoss Ground Armor Level 1  
  55  5:54  Probe (Chrono Boost)  
  55  5:55  Stalker  
  60  6:05  Stalker x2  
  60  6:11  Probe x2  
  65  6:12  Probe  
  67  6:20  Immortal (Chrono Boost)  
  71  6:29  Stalker  
  71  6:30  Stalker  
  75  6:38  Stalker x2  
  79  6:50  Gateway  
  79  6:51  Gateway  
  79  6:53  Sentry  
  79  6:54  Sentry  
  83  7:01  Immortal (Chrono Boost)  
  87  7:03  Resonating Glaives  
  87  7:07  Probe  
  88  7:08  Probe  
  88  7:10  Probe  
  90  7:19  Stalker x2  
  94  7:23  Probe  
  94  7:27  Probe, Photon Cannon  
  96  7:34  Probe, Assimilator  
  96  7:35  Probe  
  98  7:37  Probe  
  98  7:40  Assimilator  
  99  7:46  Probe  
  99  7:47  Probe  
  101  7:53  Protoss Ground Armor Level 2 (Chrono Boost)  
  101  7:54  Robotics Bay  
  101  7:57  Pylon  
  101  8:02  Pylon  
  101  8:04  Pylon  
  101  8:12  Observer  
  101  8:15  Stalker x2, Probe x3  
  109  8:20  Stalker  
  109  8:21  Stalker  
  113  8:27  Probe  
  113  8:29  Stalker x2  
  118  8:36  Disruptor  
  118  8:40  Stalker x2  
  125  8:50  Pylon  
  125  8:51  Pylon  
  125  8:59  Photon Cannon  
  125  9:02  Pylon  
  125  9:07  Disruptor  
  125  9:08  Probe  
  126  9:15  Pylon  
  126  9:16  Dark Shrine  
  129  9:34  Stalker x2  
  129  9:35  Stalker  
  135  9:40  Nexus  
  135  9:41  Pylon  
  135  9:47  Templar Archives  
  135  9:48  Probe  
  135  9:49  Probe  
  135  9:51  Disruptor  
  137  9:53  Stalker x2  
  144  10:11  Stalker x4  
  152  10:17  Pylon  
  152  10:19  Pylon  
  152  10:22  Pylon  
  152  10:28  Disruptor  
  155  10:41  Stalker x5  
  155  10:42  Stalker  
  117  11:15  Stalker x2  
  110  11:19  Stalker x4  
  114  11:41  Stalker x3  
  114  11:42  Stalker x2  
Show
View Real Time Build Order
Export as new Build Order

jiy Terran - Winner!

Build Orders: Reaper Expand, Bio Tank, MMM Bio 

Get SALT Encoding   

  12  0:01  SCV  
  13  0:13  SCV  
  14  0:17  Supply Depot  
  14  0:25  SCV  
  15  0:39  SCV  
  15  0:40  Barracks  
  16  0:46  Refinery  
  16  0:51  SCV  
  17  1:03  SCV  
  18  1:15  SCV  
  19  1:30  Reaper, Orbital Command  
  20  1:39  Command Center  
  20  1:46  Refinery  
  20  1:52  Supply Depot  
  20  1:57  SCV  
  21  2:02  Barracks Reactor  
  21  2:09  SCV  
  22  2:27  Bunker  
  21  2:30  SCV  
  22  2:37  Factory  
  22  2:38  Marine x2  
  22  2:43  SCV  
  25  2:51  Orbital Command  
  25  2:55  SCV  
  25  2:56  Marine x2  
  28  3:07  SCV  
  29  3:14  Marine x2  
  31  3:20  Factory Tech Lab  
  31  3:28  Supply Depot  
  31  3:30  Supply Depot  
  31  3:32  Marine x2  
  33  3:38  Cyclone  
  36  3:49  Marine x2  
  37  3:59  SCV x2  
  37  4:07  Marine x2  
  35  4:12  SCV x2  
  37  4:22  Supply Depot  
  37  4:24  SCV  
  38  4:31  SCV  
  38  4:36  SCV  
  40  4:43  SCV  
  41  4:48  SCV  
  41  4:52  Starport  
  42  4:53  Barracks  
  42  4:55  Supply Depot, Barracks, SCV  
  42  4:57  Siege Tank  
  42  4:58  Marine  
  47  5:00  SCV  
  48  5:07  SCV  
  48  5:12  SCV  
  50  5:14  Marine  
  50  5:19  SCV  
  52  5:25  SCV, Supply Depot  
  52  5:26  Supply Depot  
  52  5:28  Marine  
  54  5:29  Siege Tank  
  54  5:32  SCV  
  58  5:36  Marine  
  58  5:37  SCV  
  60  5:44  SCV  
  60  5:45  Marine  
  60  5:46  Barracks Tech Lab  
  60  5:48  Barracks Tech Lab  
  60  5:49  SCV  
  63  5:54  Starport Reactor, Marine  
  63  5:56  SCV  
  65  5:59  Refinery x2  
  65  6:01  SCV, Siege Tank  
  69  6:05  Stimpack  
  69  6:06  Combat Shields  
  69  6:08  SCV  
  70  6:13  SCV  
  71  6:20  SCV  
  71  6:25  Command Center  
  72  6:29  SCV  
  72  6:30  Medivac x2  
  72  6:32  SCV  
  78  6:38  Engineering Bay  
  78  6:39  Engineering Bay  
  78  6:40  Marine  
  78  6:41  SCV  
  80  6:48  Marine x2  
  80  6:49  Marauder  
  84  7:00  Medivac  
  86  7:05  Supply Depot  
  86  7:06  Supply Depot  
  86  7:07  Terran Infantry Weapons Level 1  
  86  7:09  Terran Infantry Armor Level 1  
  86  7:13  Liberator  
  86  7:19  SCV x2, Medivac  
  86  7:22  Marine x3  
  93  7:25  Concussive Shells  
  93  7:29  Marauder  
  95  7:31  SCV  
  95  7:36  Supply Depot  
  99  7:39  Refinery  
  99  7:40  Supply Depot, Marine x2  
  99  7:43  SCV  
  102  7:48  Orbital Command, Liberator  
  102  7:49  SCV  
  103  7:52  Refinery  
  103  7:59  SCV, Marine  
  103  8:00  Marine  
  103  8:01  SCV, Marauder  
  112  8:09  Marauder  
  112  8:11  SCV  
  115  8:13  SCV  
  115  8:14  Missile Turret  
  115  8:16  Supply Depot, SCV  
  117  8:21  Marine  
  117  8:22  Supply Depot  
  117  8:23  Marine  
  117  8:24  SCV  
  120  8:32  Liberator  
  120  8:33  Liberator  
  119  8:38  Marine x2  
  121  8:43  SCV x3  
  121  8:46  Marine x2  
  121  8:48  Siege Tank  
  129  8:55  SCV, Supply Depot  
  136  8:56  Marauder  
  136  8:57  Marauder  
  136  9:00  Supply Depot  
  136  9:01  Armory  
  136  9:02  SCV x2  
  142  9:05  Marine x2  
  142  9:07  SCV  
  145  9:14  SCV, Barracks, Liberator  
  145  9:16  Barracks  
  146  9:22  Barracks  
  146  9:23  Marauder x2  
  141  9:35  Medivac  
  141  9:36  Siege Tank, Marine x2  
  151  9:41  Supply Depot  
  151  9:43  Supply Depot, SCV x3  
  154  9:48  Liberator  
  154  9:50  Supply Depot  
  154  9:54  Marine x2  
  154  9:55  SCV x2  
  154  9:57  Liberator  
  154  9:59  Marine x2  
  162  10:13  Marine  
  162  10:14  Barracks Tech Lab x2, Marine  
  164  10:15  Barracks Reactor  
  164  10:17  Marauder  
  169  10:30  Liberator  
  169  10:31  Marine  
  169  10:32  Marauder, Marine x2  
  169  10:33  Marauder  
  174  10:38  Marine  
  168  10:48  Liberator  
  168  10:49  Marine x2  
  169  10:50  Marauder  
  169  10:53  Marine  
  169  10:54  Marauder, Marine x2  
  169  10:56  Marine  
  175  11:07  Marine x2  
  165  11:11  Marine, Marauder  
  165  11:12  Marauder, Marine  
  165  11:14  Marauder  
  165  11:15  Marauder  
  173  11:25  Marine x2  
  164  11:29  Marine x2  
  168  11:33  Marauder x2  
  168  11:36  Marauder  
  168  11:37  Marauder  
  176  11:43  Marine x2  
  176  11:44  Command Center  
Tags
 
Add a new tag
Caveats
  • Supply blocks, unpowered buildings, or Contaminate may cause inaccurate times.
  • Supply counts are checked every 10 seconds.